 Dungeon Crawl Stone Soup version 0.21.1-1-g345015fe64 (webtiles) character file.

212 Lothor the Vandal (level 6, -4/45 HPs)
             Began as a Halfling Hunter on Apr 7, 2018.
             Killed by nerve-wracking pain
             ... invoked by an orc priest
              (9 damage)
             ... on level 3 of the Dungeon.
             The game lasted 00:06:54 (2272 turns).

Lothor the Vandal (Halfling Hunter)                 Turns: 2272, Time: 00:06:55

Health: -4/45      AC:  4    Str: 13    XL:     6   Next: 13%
Magic:  6/6        EV: 14    Int:  9    God:
Gold:   166        SH:  0    Dex: 17    Spells: 5/5 levels left

rFire    x . .     SeeInvis .   w - +2 hunting sling (freeze)
rCold    + . .     Gourm    .   (shield restricted)
rNeg     . . .     Faith    .   c - +0 leather armour
rPois    .         Spirit   .   s - +0 helmet
rElec    .         Reflect  .   (no cloak)
rCorr    .         Harm     .   (no gloves)
MR       .....                  (no boots)
Stlth    ++........             (no amulet)
HPRegen  0.15/turn              v - ring of ice
MPRegen  0.10/turn              (no ring)

@: no status effects
A: small, mutation resistance 1
a: no special abilities


You were on level 3 of the Dungeon.
You were not hungry.

You visited 1 branch of the dungeon, and saw 3 of its levels.

You collected 166 gold pieces.

Inventory:

Hand Weapons
 b - a +0 short sword
 w - a +2 hunting sling of freezing (weapon)
Missiles
 g - 61 stones (quivered)
Armour
 c - a +0 leather armour (worn)
 s - a +0 helmet (worn)
Jewellery
 k - an uncursed amulet of guardian spirit {unknown}
 v - a ring of ice (left hand)
Wands
 q - a wand of scattershot (3)
Scrolls
 e - 2 scrolls of identify {unknown}
 h - a scroll of teleportation {unknown}
 i - a scroll of magic mapping {unknown}
 j - a scroll of fear {unknown}
 m - a scroll of amnesia {unknown}
 n - a scroll of remove curse {unknown}
 p - 3 scrolls of enchant weapon {unknown}
 r - a scroll of noise {unknown}
 t - a scroll of immolation {unknown}
Potions
 l - a potion of brilliance {unknown}
 o - a potion of curing {unknown}
 u - a potion of heal wounds {unknown}
Comestibles
 a - 5 chunks of flesh
 f - 4 rations


   Skills:
 + Level 5.4 Fighting
 - Level 5.8 Slings
 - Level 2.1 Dodging
 - Level 1.1 Stealth


You had 5 spell levels left.
You didn't know any spells.

Dungeon Overview and Level Annotations

Branches:
Dungeon (3/15)

Altars:
Makhleb


Innate Abilities, Weirdness & Mutations

You are small and have problems with some larger weapons.
You are somewhat resistant to further mutation.


Message History

Aim: an orc priest, wearing a leather armour (moderately wounded)
You shoot a sling bullet. The sling bullet hits the orc priest!
The sling bullet freezes the orc priest.
You kill the orc priest!
You have reached level 6!
Your experience leads to an increase in your attributes!
Increase (S)trength, (I)ntelligence, or (D)exterity?
You feel agile.
Firing (i - inventory):
g - 63 stones (quivered)
Press: ? - help, Shift-Dir - straight line, f - orc priest
Aim: an orc priest, wearing a chain mail You shoot a stone.
The stone barely misses the orc priest.
Firing (i - inventory):
g - 62 stones (quivered)
Press: ? - help, Shift-Dir - straight line, f/p - orc priest
Aim: an orc priest, wearing a chain mail You shoot a stone.
The stone closely misses the orc priest.
The orc priest mumbles some strange prayers to Beogh against you.
Pain shoots through your body!
You die...

#............... ... #...
#.....(........# ..... #...
#....g...#....#####.....####...
#.......(#....#................
#........#...........#.##......
######g..).#.........#.##......
...........#........##.##......
....##....(#........##.##......
......(....[o.@................
........#......................
#.......#......................
.......#.....######.....#+###.
.......#.....# #.....# ##
.......#.....# #.....# ####
#.....# ###'### #.....# #.#
####### ######.#


You could see an orc priest.

Vanquished Creatures
  An orc priest (D:3)
  2 orc wizards (D:3)
  4 gnolls (D:2)
  3 adders (D:2)
  An ooze (D:3)
  A dart slug (D:1)
  4 leopard geckos
  An orc (D:3)
  A bat (D:1)
  4 giant cockroaches
  7 goblins
  3 hobgoblins
  6 jackals
  14 kobolds
  2 frilled lizards
  3 rats (D:2)
57 creatures vanquished.

Notes
Turn   | Place    | Note
-------+----------+-------------------------------------------
     0 | D:1      | Lothor the Halfling Hunter began the quest for the Orb.
     0 | D:1      | Reached XP level 1. HP: 14/14 MP: 1/1
   121 | D:1      | Reached XP level 2. HP: 20/20 MP: 2/2
   295 | D:1      | Reached XP level 3. HP: 26/26 MP: 3/3
  1146 | D:2      | Reached XP level 4. HP: 33/33 MP: 4/4
  1404 | D:2      | Reached XP level 5. HP: 22/38 MP: 5/5
  1817 | D:2      | Found a burning altar of Makhleb.
  1819 | D:2      | Noticed a balrug
  2094 | D:3      | Reached skill level 5 in Fighting
  2269 | D:3      | Reached XP level 6. HP: 4/45 MP: 6/6
  2272 | D:3      | Killed from afar by an orc priest

Skill      XL: |  1  2  3  4  5 |
---------------+----------------+-----
Fighting       | 2 3 4 5 |  5.4
Slings         | |  5.8
Dodging        | |  2.1
Stealth        | |  1.1

Action                   |  1- 3 |  4- 6 || total
-------------------------+-------+-------++-------
 Fire: Hunting sling     |    70 |    85 ||   155
  Eat: Chunk             |     1 |     3 ||     4
Armor: Leather armour    |     2 |     3 ||     5
Dodge: Dodged            |    18 |    11 ||    29
